 Dungeon Crawl Stone Soup version 0.28-a0-957-g42eb19b844 (webtiles) character file.

Game seed: 12104440159758229191

2513 Syrorian the Cudgeller (level 9, -1/67 HPs)
             Began as a Green Draconian Fighter on Nov 29, 2021.
             Was a Believer of Hepliaklqana.
             Slain by an eight-headed hydra (10 damage)
             ... on level 8 of the Dungeon on Dec 1, 2021.
             The game lasted 00:48:37 (5649 turns).

Syrorian the Cudgeller (Green Draconian Fighter)    Turns: 5649, Time: 00:48:38

Health: -1/67      AC:  9    Str: 18    XL:     9   Next: 29%
Magic:  9/9        EV: 14    Int:  9    God:    Hepliaklqana [**....]
Gold:   269        SH:  5    Dex: 14    Spells: 8/8 levels left

rFire   . . .      SeeInvis .   x - +7 Screaming Sword {vorpal, sonic wave}
rCold   . . .      Faith    .   b - +0 buckler
rNeg    . . .      Spirit   .   (armour unavailable)
rPois   +          Reflect  .   (helmet restricted)
rElec   .          Harm     .   (no cloak)
rCorr   +          Rampage  .   j - +0 pair of gloves
Will    .....                   m - +0 pair of boots
Stlth   ++........              (no amulet)
HPRegen 0.21/turn               y - ring of resist corrosion
MPRegen 0.11/turn               (no ring)

@: short of breath
A: reduced essence, breathe noxious fumes, AC +7, unfitting armour, poison
resistance, cold-blooded
a: Breathe Noxious Fumes, Renounce Religion, Ancestor Life: Knight, Ancestor
Life: Battlemage, Ancestor Life: Hexer, Recall Ancestor, Ancestor Identity


You were on level 8 of the Dungeon.
You worshipped Hepliaklqana.
Hepliaklqana was pleased with you.
You visited 2 branches of the dungeon, and saw 9 of its levels.

You collected 269 gold pieces.

Inventory:

Hand Weapons
 a - a +0 flail
 x - the +7 Screaming Sword (weapon) {vorpal, sonic wave}
   (You found it on level 6 of the Dungeon)

   It inflicts extra damage upon your enemies.
   It radiates damaging sonic waves as it strikes, especially in combat
   involving dangerous or numerous foes.
 C - a +0 shortbow
Missiles
 d - 6 boomerangs
 n - 42 arrows
 p - 46 bolts
 B - 2 silver boomerangs
 G - 38 poisoned darts (quivered)
Armour
 b - a +0 buckler (worn)
 f - a +0 chain mail
 g - a +0 robe
 h - a +0 robe
 j - a +0 pair of gloves (worn)
 m - a +0 pair of boots (worn)
Jewellery
 y - a ring of resist corrosion (left hand)
Wands
 F - a wand of flame (26)
Scrolls
 e - a scroll of blinking {unknown}
 k - a scroll of summoning
 l - a scroll of holy word {unknown}
 o - a scroll of fear {unknown}
 t - 3 scrolls of enchant armour
 u - a scroll of torment {unknown}
 v - 2 scrolls of magic mapping
 w - a scroll of teleportation {unknown}
 D - a scroll of enchant weapon {unknown}
 H - a scroll of noise {unknown}
Potions
 c - 4 potions of might
 i - a potion of berserk rage {unknown}
 q - 3 potions of flight {unknown}
 r - a potion of mutation {unknown}
 s - a potion of resistance {unknown}
 z - a potion of lignification {unknown}
 A - a potion of invisibility {unknown}
 E - a potion of haste {unknown}


   Skills:
 + Level 6.2 Fighting
 + Level 3.1 Long Blades
 + Level 7.0 Maces & Flails
 + Level 5.5 Throwing
 + Level 5.0 Dodging
 + Level 1.9 Stealth
 + Level 4.4 Shields


You had 8 spell levels left.
You didn't know any spells.
Your spell library contained the following spells:

 Spells                   Type           Power      Damage    Failure   Level
 Animate Dead             Necr           0%         N/A       99%         4
 Summon Lightning Spire   Summ/Air       0%         N/A       99%         4
 Haunt                    Necr/Summ      0%         N/A       100%        7
 Storm Form               Tmut/Air       0%         N/A       100%        7
 Infestation              Necr           0%         N/A       100%        8
 Maxwell's Capacitive Co  Air            0%         ∞         100%        8


Dungeon Overview and Level Annotations

Branches:
Dungeon (8/15)             Temple (1/1) D:4
   Lair: D:8-11

Altars:
Dithmenos
Fedhas
Hepliaklqana


Innate Abilities, Weirdness & Mutations

Your life essence is reduced to manifest your ancestor. (-10% HP)
You can breathe blasts of noxious fumes.
Your lurid green scales are hard. (AC +7)
You cannot fit into any form of body armour.
Your system is resistant to poisons. (rPois)
You are cold-blooded and may be slowed by cold attacks.


Message History

The seven-headed hydra barely misses you.
You block the seven-headed hydra's attack.
The seven-headed hydra misses you. The seven-headed hydra bites you!
You block the seven-headed hydra's attack.
The seven-headed hydra bites you.
The seven-headed hydra barely misses you.
The seven-headed hydra bites you.
The seven-headed hydra bites you but does no damage.
The seven-headed hydra bites you. x2
* * * LOW HITPOINT WARNING * * *
The seven-headed hydra bites you.
* * * LOW HITPOINT WARNING * * *
The seven-headed hydra misses you.
Unknown command.
You hack one of the seven-headed hydra's heads off!
The six-headed hydra grows two more!
You hit the eight-headed hydra.
The eight-headed hydra is lightly wounded.
The eight-headed hydra completely misses you.
The eight-headed hydra misses you.
The eight-headed hydra bites you but does no damage.
You block the eight-headed hydra's attack.
The eight-headed hydra bites you but does no damage.
The eight-headed hydra misses you.
The eight-headed hydra bites you but does no damage.
You block the eight-headed hydra's attack.
Unknown command.
Press: ? - help, Shift-Dir - straight line, f - eight-headed hydra
Aim: an eight-headed hydra (lightly wounded)
You exhale a blast of noxious fumes.
The blast of choking fumes hits the eight-headed hydra.
The eight-headed hydra completely resists.
The eight-headed hydra is lightly wounded.
The eight-headed hydra bites you!
* * * LOW HITPOINT WARNING * * *
The eight-headed hydra bites you.
* * * LOW HITPOINT WARNING * * *
The eight-headed hydra closely misses you.
You block the eight-headed hydra's attack. x2
The eight-headed hydra bites you!
You die...

###.# #o# .##.# #.# ..#.#######.#
#.# ....†.......# ..#
$...###.....#### #.# ....#
#......o.# #.## ^...# #.....##o#
#.. ....#
#.....##.#######..######.#
........#.####§D@..............##
....###.#.# #########.. #....
....# ..... ..#####.### # ###
.......<# #.#######


You could see an eight-headed hydra.

Vanquished Creatures
  Sigmund (D:5)
  A steam dragon (D:8)
  A water moccasin (D:8)
  3 ice beasts (D:6)
  A sky beast (D:5)
  A black bear (D:7)
  2 necrophages
  A phantom (D:5)
  3 scorpions
  A bullfrog (D:8)
  A water moccasin zombie (D:6)
  A wyvern skeleton (D:7)
  6 killer bees (D:7)
  3 wights (D:7)
  2 howler monkeys (D:4)
  3 hounds
  A jelly (D:7)
  2 orc priests
  Jessica (D:2)
  An iguana (D:4)
  An orc wizard (D:4)
  A killer bee zombie (D:8)
  3 gnolls (D:5)
  5 adders
  A shadow imp (D:6)
  A white imp (D:7)
  An adder skeleton (D:5)
  A dart slug (D:1)
  12 orcs
  6 endoplasms
  3 giant cockroaches
  4 hobgoblins
  9 jackals
  8 kobolds
  2 quokkas
  3 ball pythons
  8 bats
  2 frilled lizards (D:1)
  6 goblins
  3 rats
116 creatures vanquished.

Vanquished Creatures (collateral kills)
  A sky beast (D:6)
  A wight (D:7)
  A hound (D:6)
  An adder (D:6)
  An orc (D:7)
5 creatures vanquished.

Vanquished Creatures (others)
  3 ancestors
3 creatures vanquished.

Grand Total: 124 creatures vanquished

Notes
Turn   | Place    | Note
-------+----------+-------------------------------------------
     0 | D:1      | Syrorian the Draconian Fighter began the quest for the Orb.
     0 | D:1      | Reached XP level 1. HP: 19/19 MP: 1/1
   245 | D:1      | Found a faded altar of an unknown god.
   414 | D:1      | Reached XP level 2. HP: 24/26 MP: 2/2
  1231 | D:2      | Reached XP level 3. HP: 33/33 MP: 3/3
  1233 | D:2      | Noticed Jessica
  1236 | D:2      | Killed Jessica
  1720 | D:3      | Reached XP level 4. HP: 40/40 MP: 4/4
  1959 | D:3      | Reached skill level 3 in Maces & Flails
  2047 | D:4      | Noticed a scorpion
  2066 | D:4      | Killed a scorpion
  2067 | D:4      | Reached XP level 5. HP: 23/46 MP: 5/5
  2208 | D:4      | Noticed a necrophage
  2254 | D:3      | Killed a necrophage
  2255 | D:3      | Reached skill level 1 in Throwing
  2488 | D:3      | Upgraded the game from 0.28-a0-938-gbc3f381ebc to
                  | 0.28-a0-957-g42eb19b844
  2623 | D:4      | Reached skill level 4 in Maces & Flails
  2643 | D:4      | Found a staircase to the Ecumenical Temple.
  2649 | D:4      | Reached XP level 6. HP: 34/52 MP: 6/6
  2660 | Temple   | Entered the Ecumenical Temple
  2689 | Temple   | Became a worshipper of Hepliaklqana the Forgotten
  3502 | D:5      | Entered Level 5 of the Dungeon
  3596 | D:5      | Reached skill level 1 in Stealth
  3596 | D:5      | Your scales start taking on a lurid green colour.
  3596 | D:5      | Reached XP level 7. HP: 52/60 MP: 7/7
  3596 | D:5      | Gained mutation: Your system is resistant to poisons.
                  | (rPois) [Green Draconian growth]
  3643 | D:5      | Reached skill level 5 in Maces & Flails
  3728 | D:5      | Noticed Sigmund
  3736 | D:5      | Killed Sigmund
  3870 | D:5      | Reached skill level 5 in Fighting
  4081 | D:5      | Reached * piety under Hepliaklqana
  4225 | D:5      | You fall into a shaft and drop 3 floors!
  4282 | D:8      | Reached skill level 6 in Maces & Flails
  4282 | D:8      | Reached XP level 8. HP: 37/61 MP: 8/8
  4426 | D:6      | Found the +7 Singing Sword {vorpal, sonic wave}
  4779 | D:6      | Reached skill level 1 in Long Blades
  4780 | D:6      | Found a shadowy altar of Dithmenos.
  4936 | D:7      | Reached skill level 5 in Throwing
  4944 | D:7      | Reached skill level 7 in Maces & Flails
  4944 | D:7      | Reached XP level 9. HP: 49/67 MP: 9/9
  5152 | D:7      | Noticed a cyclops
  5430 | D:7      | Reached skill level 5 in Dodging
  5491 | D:7      | Reached ** piety under Hepliaklqana
  5619 | D:8      | Noticed a seven-headed hydra
  5649 | D:8      | Slain by an eight-headed hydra

Illustrated notes

Levels and vault maps discovered:
D:1:      dpeg_arrival_simpleton_c, layout_loops_cross,
          hellmonk_ecumenical_altar_crossroads, serial_co_window_serial,
          co_window_of_opportunity_a, co_window_cross_1, co_window_paths_a,
          co_window_paths_a, co_window_of_opportunity_a, co_window_paths_a,
          co_window_paths_b, co_window_corner_ca, co_window_corner_b,
          co_window_2corner, glass_columns_a, glass_columns_c, glass_columns_c,
          glass_columns_a, glass_columns_a, minmay_strange_pillars,
          chequers_serial_rivers_large_b, minmay_tetromino_o4
D:2:      layout_loops_ring, uniq_jessica
D:3:      layout_loops_corners
D:4:      layout_loops_ring, minmay_temple_entry_large_hall,
          roderic_serpentine_path
D:5:      minmay_chambers_of_threes, layout_loops_corners, uniq_sigmund
D:6:      layout_basic, lemuel_crystal_altar, st_stairs_5
D:7:      layout_basic
D:8:      layout_loops_ring, enter_bailey_3, minmay_holes,
          grunt_decor_mini_mirrors
Temple:   mainiacjoe_temple_hex_bubbles

Skill      XL: |  1  2  3  4  5  6  7  8  9 |
---------------+----------------------------+-----
Dodging        | 3 4 5 |  5.0
Maces & Flails | 3 4 6 7 |  7.0
Fighting       | 4 5 6 |  6.2
Throwing       | 1 2 3 5 |  5.5
Stealth        | 1 |  1.9
Shields        | 4 |  4.4
Long Blades    | 1 3 |  3.1

Action                   |  1- 3 |  4- 6 |  7- 9 || total
-------------------------+-------+-------+-------++-------
Melee: Flail             |    71 |   157 |    55 ||   283
       Tailslap          |    10 |    14 |     5 ||    29
       Double sword      |       |       |    30 ||    30
Throw: Boomerang         |    14 |    38 |    48 ||   100
       Dart              |       |       |    16 ||    16
Invok: Recall Ancestor   |       |       |     1 ||     1
       Ancestor Identity |       |       |     1 ||     1
 Abil: Breathe Noxious F |       |       |     6 ||     6
  Use: Potion            |     1 |       |     4 ||     5
       Scroll            |       |       |     3 ||     3
Armor: Skin              |    19 |    68 |    40 ||   127
Dodge: Dodged            |    46 |   137 |    79 ||   262
Block: Buckler           |    11 |    37 |    31 ||    79

Table legend: (Time is in decaauts)
 A = Elapsed time spent in this place.
 B = Non-inter-level travel time spent in this place.
 C = Inter-level travel time spent in this place.
 D = Time resting spent in this place.
 E = Time spent auto-exploring this place.
 F = Levels seen in this place.
 G = Mean time per level.
                   A        B        C        D        E       F      G
               +--------+--------+--------+--------+--------+-----+--------+
         Total |   5773 |   5769 |      4 |    207 |      0 |   9 |  641.4 |
       Dungeon |   5671 |   5667 |      4 |    176 |      0 |   8 |  708.9 |
        Temple |    101 |    101 |      0 |     31 |      0 |   1 |  101.0 |
               +--------+--------+--------+--------+--------+-----+--------+

Top non-repeatable levels by time:
     D:4: 1048 daAuts
     D:1: 993 daAuts
     D:3: 886 daAuts
     D:7: 765 daAuts
     D:5: 737 daAuts
     D:2: 568 daAuts
     D:6: 541 daAuts
     D:8: 130 daAuts
  Temple: 101 daAuts
